 Dungeon Crawl Stone Soup version 0.30-a0-738-g116ff8c4af (webtiles) character file.

Game seed: 507269691162402389

22437 jasper the Martial Artist (level 12, -5/97 HPs)
             Began as a Demonspawn Necromancer on Feb 4, 2023.
             Was a Priest of Cheibriados.
             Collided with a briar patch (14 damage)
             ... caused by a swamp worm
             ... on level 2 of the Lair of Beasts.
             The game lasted 00:45:42 (13745 turns).

jasper the Martial Artist (Demonspawn Necromancer) Turns: 13745, Time: 00:45:43

Health: -5/97      AC: 18    Str: 16    XL:     12   Next: 63%
Magic:  19/19      EV: 17    Int: 28    God:    Cheibriados [***...]
Gold:   624        SH:  4    Dex: 24    Spells: 4/17 levels left

rFire   . . .      SeeInvis .      - Unarmed
rCold   . . .      Faith    .    (no shield)
rNeg    + . .      Spirit   .    y - +3 leather armour {rN+}
rPois   .          Reflect  .    (no helmet)
rElec   .          Harm     .    Q - +0 cloak
rCorr   +          Rampage  .    r - +2 pair of gloves
Will    .....                    (boots unavailable)
Stlth   ++                       E - amulet of regeneration
HPRegen 1.16/turn                u - ring of resist corrosion
MPRegen 0.16/turn                v - +4 ring of protection

@: lethally poisoned (-5 -> -17), slowed, very slow
A: claws 1, hooves 3, icemail 1, condensation shield, demonic magic 2, weakness
stinger 1
a: Renounce Religion, Bend Time, Temporal Distortion


You were on level 2 of the Lair of Beasts.
You worshipped Cheibriados.
Cheibriados was most pleased with you.
You visited 3 branches of the dungeon, and saw 13 of its levels.

You collected 624 gold pieces.

Inventory:

Hand Weapons
 e - a +1 club
 i - a +0 spear
 m - a +6 club
 o - a +1 whip of electrocution
 t - a +2 war axe of flaming
Missiles
 g - 138 stones
 B - 4 javelins
 J - 2 curare-tipped darts
Armour
 a - a +0 robe
 l - a +2 robe of willpower
 p - a +2 robe of willpower
 r - a +2 pair of gloves (worn)
 y - a +3 leather armour of positive energy (worn)
 I - the +0 robe of Ebbezi {rN+ Regen+}
   (You found it on level 8 of the Dungeon)

   rN:        It protects you from negative energy.
   Regen:     It increases your rate of health regeneration.
 K - +0 steam dragon scales
 Q - a +0 cloak (worn)
 U - the +3 ring mail of Wu Jian's Condemnation {rF- Regen+ Dex+8 Stlth+}
   (You found it on level 1 of the Lair of Beasts)

   Dex:       It affects your dexterity (+8).
   rF:        It makes you vulnerable to fire.
   Regen:     It increases your rate of health regeneration.
   Stlth:     It makes you more stealthy.
Magical Staves
 O - a staff of death
Jewellery
 j - an amulet of guardian spirit
 u - a ring of resist corrosion (left hand)
 v - a +4 ring of protection (right hand)
 E - an amulet of regeneration (around neck)
 F - a +6 ring of strength
 L - a ring of wizardry
Wands
 A - a wand of paralysis (12)
 M - a wand of iceblast (3)
 T - a wand of mindburst (5)
Scrolls
 d - a scroll of immolation
 w - 3 scrolls of teleportation
 D - 2 scrolls of amnesia
 N - a scroll of vulnerability
 P - 3 scrolls of fear
 R - 2 scrolls of enchant armour
 S - a scroll of fog
Potions
 b - 3 potions of magic
 c - 2 potions of resistance
 f - 2 potions of might
 h - 7 potions of curing
 k - 2 potions of heal wounds
 n - 6 potions of mutation
 q - 2 potions of berserk rage {unknown}
 s - a potion of degeneration {unknown}
 x - a potion of cancellation {unknown}
 z - 2 potions of flight {unknown}
 C - 3 potions of ambrosia {unknown}
 G - 3 potions of attraction {unknown}
 H - 2 potions of lignification {unknown}


   Skills:
 + Level 9.7 Fighting
 - Level 3.0 Armour
 + Level 6.9 Dodging
 - Level 1.7 Stealth
 * Level 11.1 Unarmed Combat
 - Level 3.1 Spellcasting
 - Level 3.0 Conjurations
 - Level 8.1 Necromancy
 - Level 3.0 Translocations
 - Level 3.0 Air Magic
 - Level 3.0 Poison Magic
 - Level 10.3 Invocations


You had 4 spell levels left.
You knew the following spells:

 Your Spells              Type           Power      Damage    Failure   Level
a - Necrotise             Necr           100%       1d9       1%          1
b - Vampiric Draining     Necr           50%        2d9       1%          3
c - Animate Dead          Necr           50%        N/A       3%          4
d - Blink                 Tloc           42%        N/A       4%          2
e - Mephitic Cloud        Conj/Pois/Air  21%        N/A       9%          3

Your spell library contained the following spells:

 Spells                   Type           Power      Damage    Failure   Level
 Apportation              Tloc           42%        N/A       2%          1
 Magic Dart               Conj           84%        1d7       2%          1
 Lesser Beckoning         Tloc           42%        N/A       4%          2
 Momentum Strike          Conj/Tloc      42%        3d9       4%          2
 Summon Small Mammal      Summ           16%        N/A       10%         1
 Call Imp                 Summ           4%         N/A       14%         2
 Hailstorm                Conj/Ice       12%        3d5       16%         3
 Call Canine Familiar     Summ           4%         N/A       28%         3
 Summon Guardian Golem    Hex/Summ       4%         N/A       28%         3
 Ice Form                 Ice/Tmut       4%         N/A       67%         4
 Petrify                  Tmut/Erth      4%         N/A       67%         4
 Agony                    Necr           50%        N/A       10%         5
 Alistair's Intoxication  Tmut/Pois      8%         N/A       82%         5
 Irradiate                Conj/Tmut      6%         3d13      82%         5
 Blade Hands              Tmut           2%         N/A       95%         5
 Metabolic Englaciation   Hex/Ice        2%         N/A       95%         5
 Simulacrum               Ice/Necr       13%        N/A       95%         6
 Conjure Ball Lightning   Conj/Air       10%        3x3d6     99%         6
 Statue Form              Tmut/Erth      2%         N/A       100%        6
 Dragon Form              Tmut           2%         N/A       100%        7
 Discord                  Hex            2%         N/A       100%        8
 Disjunction              Tloc           10%        N/A       100%        8


Dungeon Overview and Level Annotations

Branches:
Dungeon (10/15)            Temple (1/1) D:5            Lair (2/5) D:10
  Swamp (0/4) Lair:2        Snake (0/4) Lair:2
    Orc: D:9-12

Altars:
Ashenzari
Cheibriados
Dithmenos
Fedhas
Gozag
Hepliaklqana
Kikubaaqudgha
Makhleb
Nemelex Xobeh
Okawaru
Qazlal
Ru
Sif Muna
Trog
Uskayaw
Vehumet
Wu Jian
Xom
Yredelemnul

Annotations:
D:10 Erolcha, Gastronok
Lair:2 1 transporter


Innate Abilities, Weirdness & Mutations

You have sharp fingernails.
You have hooves in place of feet.
A meltable icy envelope protects you from harm. (AC +4)
A meltable shield of frost defends you. (SH +4)
Spells you cast may paralyse nearby enemies.
You have a small tail.


Message History

You are yanked forward by the harpoon shot.
You violently stop moving!
The swamp worm fires a harpoon shot at you.
The harpoon shot misses you.
The swamp worm fires a harpoon shot at you.
The harpoon shot misses you.
You take 39 damage, and have 23/97 hp.
MASSIVE DAMAGE!!
Aiming: Iceblast
Press: ? - help, Shift-Dir - straight line, f/p - swamp worm
Aim: a swamp worm (moderately wounded)
Okay, then.
You feel better.
You are engulfed in dark miasma.
You are poisoned.
You feel as though you will be slow longer.
* * * LOW HITPOINT WARNING * * *
You feel very sick.
The swamp worm fires a harpoon shot at you.
The harpoon shot hits you.
* * * LOW HITPOINT WARNING * * *
You are yanked forward by the harpoon shot.
You violently stop moving!
* * * LOW HITPOINT WARNING * * *
The swamp worm fires a harpoon shot at you.
The harpoon shot misses you.
You take 15 damage, and have 8/97 hp.
You feel much better.
You are engulfed in dark miasma.
You are more poisoned.
You feel as though you will be slow longer.
You feel extremely sick.
The swamp worm fires a harpoon shot at you.
The harpoon shot hits you but does no damage.
The swamp worm fires a harpoon shot at you.
The harpoon shot misses you.
The swamp worm fires a harpoon shot at you.
The harpoon shot hits you!!
* * * LOW HITPOINT WARNING * * *
You are yanked forward by the harpoon shot.
You collide with the briar patch!
The briar patch is severely damaged.
You die...

.....##.......###.......##
.#.#.###........©........# ###
.....##P......#####......###.##
.#.#.##..P..###P©P###....#....#
.....#...#..#.≈P^§§##.........##
........#...##≈P^P§†#....P#....#
#########...#.≈P^P≈##...<.#...##
#..###§^P≈♣#....#....#
...#♣≈.@§###.#.#.†...#
...##≈P^P§w#.#.###†..#
..#w≈P§P≈##.........#
...####+####.........# ..
#:$[#.......P...# . .
#=©[#.......P...#
..#####...#.......#
....©....#.....####
#.#.....##......#


You could see 2 swamp worms.

Vanquished Creatures
  A dire elephant (Lair:1)
  A hydra (Lair:1)
  A catoblepas (Lair:1)
  A two-headed ogre (D:10)
  Lodul (D:10)
  Pikel (D:8)
  A cyclops (D:9)
  4 black mambas
  4 elephants
  Joseph (D:8)
  Maggie (Lair:2)
  4 cane toads
  3 rime drakes
  4 komodo dragons
  7 blink frogs (Lair:2)
  Sigmund (D:2)
  2 shadows
  4 wyverns
  A wraith (D:10)
  21 yaks
  A basilisk (Lair:1)
  Eustachio (D:5)
  3 steam dragons
  2 nagas (Lair:2)
  3 swamp worms (Lair:2)
  8 water moccasins
  3 orc warriors
  2 black bears
  A sky beast (D:7)
  9 ogres
  2 lemures (D:8)
  A centaur (D:9)
  3 kobold brigands
  6 bullfrogs
  2 gnoll sergeants
  4 wights (D:7)
  3 killer bees
  An electric eel (Lair:2)
  5 howler monkeys
  2 jellies
  3 hounds
  An orc priest (D:3)
  4 iguanas
  Jessica (D:2)
  Ijyb (D:5)
  6 orc wizards
  5 hell rats (Lair:2)
  9 gnolls
  11 adders
  A shadow imp (D:6)
  A white imp (D:6)
  A worm (D:2)
  5 dart slugs
  27 orcs
  10 ball pythons
  5 bats
  8 endoplasms
  5 giant cockroaches
  4 goblins
  9 hobgoblins
  3 jackals (D:1)
  18 kobolds
  4 quokkas
  3 frilled lizards
  4 rats
  A briar patch (Lair:2)
276 creatures vanquished.

Vanquished Creatures (collateral kills)
  A yak (D:8)
  A steam dragon (D:8)
  A basilisk (Lair:1)
  4 nagas (Lair:2)
  A water moccasin (Lair:2)
  A kobold brigand (D:8)
  2 bullfrogs (Lair:1)
  A wight (D:7)
  An electric eel (Lair:1)
  2 hell rats (Lair:2)
  A white imp (D:8)
  3 orcs
  2 endoplasms (D:1)
  A hobgoblin (D:3)
  3 kobolds
25 creatures vanquished.

Vanquished Creatures (others)
  An elephant zombie (Lair:1)
  A wyvern zombie (Lair:1)
  A water moccasin zombie (Lair:2)
  4 yak zombies (D:8)
  A black bear zombie (D:7)
  An orc wizard (D:5)
  4 ogre zombies
  A sky beast zombie (D:7)
  2 gnoll zombies (D:7)
  3 hell rat zombies (Lair:2)
  An orc zombie (D:5)
  A briar patch (Lair:2)
  8 fungi
  16 plants
  5 toadstools (Lair:1)
50 creatures vanquished.

Grand Total: 351 creatures vanquished

Notes
Turn   | Place    | Note
-------+----------+-------------------------------------------
     0 | D:1      | jasper the Demonspawn Necromancer began the quest for the
                  | Orb.
     0 | D:1      | Reached XP level 1. HP: 13/13 MP: 3/3
   278 | D:1      | Gained mutation: Spells you cast may paralyse adjacent
                  | enemies. [demonic ancestry]
   278 | D:1      | Reached XP level 2. HP: 19/19 MP: 3/5
   313 | D:1      | Reached skill level 5 in Necromancy
   893 | D:1      | Gained mutation: A meltable shield of frost defends you.
                  | (SH +4) [demonic ancestry]
   893 | D:1      | Reached XP level 3. HP: 24/24 MP: 4/6
   897 | D:1      | Learned a level 3 spell: Vampiric Draining
  1188 | D:2      | Noticed Jessica
  1196 | D:2      | Killed Jessica
  1197 | D:2      | Discovered your monstrous ancestry.
  1197 | D:2      | Gained mutation: You have sharp fingernails. [demonic
                  | ancestry]
  1197 | D:2      | Reached XP level 4. HP: 30/30 MP: 1/7
  1757 | D:2      | Found a faded altar of an unknown god.
  1781 | D:2      | Noticed Sigmund
  1841 | D:2      | Killed Sigmund
  1842 | D:2      | Gained mutation: You have large cloven feet. [demonic
                  | ancestry]
  1842 | D:2      | Reached XP level 5. HP: 20/35 MP: 2/8
  1842 | D:2      | Gained mutation: A meltable icy envelope protects you from
                  | harm. (AC +4) [demonic ancestry]
  1842 | D:2      | Reached XP level 6. HP: 23/41 MP: 2/9
  1847 | D:2      | Learned a level 4 spell: Animate Dead
  3121 | D:4      | Noticed a steam dragon
  3135 | D:4      | Killed a steam dragon
  3136 | D:4      | Reached skill level 1 in Fighting
  3136 | D:4      | Reached skill level 1 in Unarmed Combat
  3365 | D:3      | Reached skill level 2 in Unarmed Combat
  3365 | D:3      | Reached XP level 7. HP: 24/48 MP: 0/10
  3707 | D:4      | Found a stormy altar of Qazlal.
  3885 | D:4      | Found a basalt altar of Yredelemnul.
  4150 | D:4      | Found a large runed translucent door.
  4166 | D:4      | Found a large runed translucent door.
  4203 | D:4      | Found a burning altar of Makhleb.
  4204 | D:4      | Noticed an angel
  4204 | D:4      | Noticed an Executioner
  4404 | D:4      | Found a radiant altar of Vehumet.
  4407 | D:4      | Found a broken altar of Ashenzari.
  4446 | D:5      | Entered Level 5 of the Dungeon
  4732 | D:5      | Noticed Eustachio
  4756 | D:5      | Reached skill level 3 in Unarmed Combat
  4777 | D:5      | Killed Eustachio
  4975 | D:5      | Found a staircase to the Ecumenical Temple.
  5038 | Temple   | Entered the Ecumenical Temple
  5174 | D:5      | Noticed Ijyb
  5180 | D:5      | Killed Ijyb
  5313 | D:5      | Found a snail-covered altar of Cheibriados.
  5313 | D:5      | Found a blossoming altar of Fedhas.
  5313 | D:5      | Found a sacrificial altar of Ru.
  5459 | D:5      | Found a sparkling altar of Nemelex Xobeh.
  5550 | D:5      | Became a worshipper of Cheibriados the Contemplative
  5656 | D:6      | Reached skill level 1 in Armour
  5656 | D:6      | Reached skill level 4 in Unarmed Combat
  5656 | D:6      | Gained mutation: Spells you cast may paralyse nearby
                  | enemies. [demonic ancestry]
  5656 | D:6      | Reached XP level 8. HP: 57/57 MP: 9/12
  6520 | D:7      | Reached skill level 5 in Unarmed Combat
  6704 | D:7      | Learned a level 2 spell: Blink
  6793 | D:7      | Reached skill level 6 in Unarmed Combat
  6793 | D:7      | Reached XP level 9. HP: 46/66 MP: 3/13
  6804 | D:7      | Reached skill level 1 in Translocations
  7300 | D:7      | Learned a level 3 spell: Mephitic Cloud
  7507 | D:8      | Identified the +0 robe of Ebbezi {rN+ Regen+}
  7554 | D:8      | Noticed Pikel
  7567 | D:8      | Killed Pikel
  7568 | D:8      | Reached skill level 1 in Conjurations
  7568 | D:8      | Reached skill level 1 in Air Magic
  7568 | D:8      | Reached skill level 1 in Poison Magic
  7674 | D:8      | Reached * piety under Cheibriados
  7877 | D:8      | Reached skill level 5 in Fighting
  8250 | D:8      | Gained mutation: You have a small tail. [demonic ancestry]
  8250 | D:8      | Reached XP level 10. HP: 74/74 MP: 14/14
  8261 | D:8      | Reached skill level 7 in Unarmed Combat
  8682 | D:8      | Noticed Joseph
  8704 | D:8      | Killed Joseph
  9071 | D:9      | Reached ** piety under Cheibriados
  9368 | D:9      | Found an ancient bone altar of Kikubaaqudgha.
  9418 | D:9      | Reached skill level 8 in Unarmed Combat
  9535 | D:9      | Noticed a cyclops
  9565 | D:9      | Killed a cyclops
  9566 | D:9      | Reached skill level 5 in Dodging
 10003 | D:9      | Found an ornate altar of the Wu Jian Council.
 10198 | D:10     | Entered Level 10 of the Dungeon
 10234 | D:10     | Noticed Erolcha
 10329 | D:10     | Reached skill level 9 in Unarmed Combat
 10355 | D:10     | Noticed a two-headed ogre
 10377 | D:10     | Killed a two-headed ogre
 10378 | D:10     | Gained mutation: You have hoof-like feet. [demonic
                  | ancestry]
 10378 | D:10     | Reached XP level 11. HP: 74/84 MP: 5/15
 10540 | D:10     | Noticed Lodul
 10568 | D:10     | Killed Lodul
 10741 | D:10     | Reached *** piety under Cheibriados
 10837 | D:10     | Found a staircase to the Lair.
 11010 | D:10     | Noticed Gastronok
 11069 | Lair:1   | Entered Level 1 of the Lair of Beasts
 11223 | Lair:1   | Reached skill level 10 in Unarmed Combat
 11419 | Lair:1   | Noticed a four-headed hydra
 11424 | Lair:1   | Reached skill level 1 in Invocations
 11667 | Lair:1   | Killed a four-headed hydra
 11668 | Lair:1   | Reached skill level 5 in Invocations
 11849 | Lair:1   | Reached **** piety under Cheibriados
 12010 | Lair:1   | Noticed a catoblepas
 12010 | Lair:1   | Noticed a dire elephant
 12030 | Lair:1   | Found a runed translucent door.
 12400 | Lair:1   | Killed a dire elephant
 12401 | Lair:1   | Gained mutation: You have hooves in place of feet. [demonic
                  | ancestry]
 12401 | Lair:1   | Reached XP level 12. HP: 63/95 MP: 0/18
 12527 | Lair:1   | Killed a catoblepas
 12601 | Lair:1   | Identified the +3 ring mail of Wu Jian's Condemnation {rF-
                  | Regen+ Dex+8 Stlth+}
 12698 | Lair:2   | Reached skill level 10 in Invocations
 13352 | Lair:2   | Found a staircase to the Snake Pit.
 13372 | Lair:2   | Found a transporter.
 13382 | Lair:2   | Found a staircase to the Swamp.
 13447 | Lair:2   | Noticed Maggie
 13459 | Lair:2   | Killed Maggie
 13618 | Lair:2   | Reached skill level 11 in Unarmed Combat
 13635 | Lair:2   | Found a transporter.
 13745 | Lair:2   | Collided with a briar patch

Illustrated notes

Levels and vault maps discovered:
D:1:      dpeg_arrival_simpleton_b, layout_basic
D:2:      layout_rooms, dreamdust_ecumenical_altar_grove, uniq_sigmund,
          uniq_jessica
D:3:      layout_basic
D:4:      layout_rooms, grunt_temple_overflow_order_and_chaos_2,
          jmf_multi_god_temple2, mainiacjoe_overflow_small_starburst,
          old_standard_altar
D:5:      layout_basic, mainiacjoe_overflow_six_doors_small,
          gammafunk_temple_overflow_forgotten, minmay_temple_entry_antechambers,
          uniq_ijyb, uniq_eustachio
D:6:      layout_cave_pools
D:7:      layout_loops_cross
D:8:      layout_gridville, minmay_misc_feat_square, uniq_pikel, uniq_joseph
D:9:      layout_loops_corners, mainiacjoe_overflow_24_doors,
          nzn_wu_jian_council_hall, library_closet, due_unseen_surprise
D:10:     layout_roguey, lair_entry_dummy, uniq_lodul, uniq_gastronok,
          uniq_erolcha
Temple:   cyrus_temple_forest
Lair:1:   gammafunk_lair_enchanted_lake, layout_chaotic_city
Lair:2:   gammafunk_worm_tunnel, layout_gridlike, swamp_mist_pool,
          minmay_snake_entry_guardpost_large, chequers_serial_rivers_marsh,
          nicolae_quartered_pool_super, st_stairs_4, uniq_maggie

Skill      XL: |  1  2  3  4  5  6  7  8  9 10 11 12 |
---------------+-------------------------------------+-----
Necromancy     | 5 6 8 |  8.1
Fighting       | 1 2 4 5 7 9 |  9.7
Dodging        | 2 3 5 6 |  6.9
Unarmed Combat | 2 4 6 9 10 11 | 11.1
Spellcasting   | 3 |  3.1
Armour         | 1 3 |  3.0
Translocations | 3 |  3.0
Conjurations   | 3 |  3.0
Air Magic      | 3 |  3.0
Poison Magic   | 3 |  3.0
Invocations    | 8 10 | 10.3
Stealth        | |  1.7

Action                     |  1- 3 |  4- 6 |  7- 9 | 10-12 || total
---------------------------+-------+-------+-------+-------++-------
  Melee: Unarmed           |     1 |       |   256 |   515 ||   772
         Club              |    22 |    20 |    53 |       ||    95
         Spear             |     7 |       |       |       ||     7
         Kick              |       |     6 |   107 |   218 ||   331
         Punch             |       |       |    14 |    37 ||    51
         Tailslap          |       |       |       |   101 ||   101
  Throw: Stone             |       |     5 |     4 |       ||     9
   Cast: Necrotise         |    54 |    74 |   116 |    32 ||   276
         Vampiric Draining |       |     8 |    22 |    59 ||    89
         Animate Dead      |       |       |     5 |     4 ||     9
         Mephitic Cloud    |       |       |       |     5 ||     5
 Invoke: Slouch            |       |       |       |     2 ||     2
  Evoke: Wand              |       |       |       |     6 ||     6
    Use: Scroll            |       |     3 |     8 |     9 ||    20
         Potion            |       |       |     1 |     6 ||     7
   Stab: Paralysed         |     7 |     6 |    16 |    21 ||    50
         Distracted        |       |       |     1 |     1 ||     2
         Confused          |       |       |       |     5 ||     5
         Sleeping          |       |       |       |     4 ||     4
 Armour: Robe              |     9 |     3 |    35 |       ||    47
         Leather armour    |       |       |   118 |   194 ||   312
  Dodge: Dodged            |    28 |    13 |   167 |   362 ||   570
  Block: Other             |       |     2 |    50 |    81 ||   133

Table legend: (Time is in decaauts)
 A = Elapsed time spent in this place.
 B = Non-inter-level travel time spent in this place.
 C = Inter-level travel time spent in this place.
 D = Time resting spent in this place.
 E = Time spent auto-exploring this place.
 F = Levels seen in this place.
 G = Mean time per level.
                   A        B        C        D        E       F      G
               +--------+--------+--------+--------+--------+-----+--------+
         Total |  16041 |  15336 |    705 |   1086 |  11237 |  13 | 1233.9 |
       Dungeon |  12276 |  11730 |    546 |    860 |   8752 |  10 | 1227.6 |
        Temple |    136 |    108 |     28 |      0 |     85 |   1 |  136.0 |
          Lair |   3629 |   3498 |    131 |    226 |   2400 |   2 | 1814.5 |
               +--------+--------+--------+--------+--------+-----+--------+

Top non-repeatable levels by time:
  Lair:1: 2336 daAuts
     D:9: 1756 daAuts
     D:8: 1682 daAuts
     D:3: 1354 daAuts
  Lair:2: 1293 daAuts
     D:7: 1227 daAuts
    D:10: 1113 daAuts
     D:5: 1059 daAuts
     D:1: 1058 daAuts
     D:4: 1026 daAuts
     D:2: 1023 daAuts
     D:6: 975 daAuts
  Temple: 136 daAuts
